 Dungeon Crawl Stone Soup version 0.30.0-15-g856e2d3f33 (webtiles) character file.

Game seed: 4413959646370177586

1353 Warped the Cruncher (level 8, -2/44 HPs)
             Began as a Gargoyle Gladiator on May 19, 2023.
             Was a Follower of Makhleb.
             Slain by an ogre
             ... wielding a +0 giant club
              (27 damage)
             ... on level 6 of the Dungeon.
             The game lasted 00:06:21 (4362 turns).

Warped the Cruncher (Gargoyle Gladiator)            Turns: 4362, Time: 00:06:21

Health: -2/44      AC: 12    Str: 20    XL:     8   Next: 63%
Magic:  8/8        EV: 11    Int:  9    God:    Makhleb [*.....]
Gold:   227        SH:  0    Dex: 11    Spells: 7/7 levels left

rFire   . . .        a - +0 quarterstaff
rCold   . . .        (shield currently unavailable)
rNeg    + . .        k - +0 ring mail
rPois   ∞            c - +1 helmet
rElec   +            (no cloak)
rCorr   .            (no gloves)
SInv    +            (no boots)
Will    .....        f - amulet of regeneration
Stlth   +            h - ring of see invisible
HPRegen 1.07/turn    (no ring)
MPRegen 0.11/turn

%: no passive effects
@: no status effects
A: sickness immunity, AC +5, negative energy resistance 1, electricity
resistance, torment resistance 1, petrification resistance
a: Renounce Religion


You were on level 6 of the Dungeon.
You worshipped Makhleb.
Makhleb was aware of your devotion.
You visited 1 branch of the dungeon, and saw 6 of its levels.

You collected 250 gold pieces.
You spent 23 gold pieces at shops.

Inventory:

Hand Weapons
 a - a +0 quarterstaff (weapon)
 i - a +0 shortbow
 r - a +4 halberd
 s - a +0 sling
 t - a +0 trident
 B - a +3 hand axe
Missiles
 d - 3 throwing nets (quivered)
 e - a javelin
 j - 7 poisoned darts
 q - 16 stones
Armour
 c - a +1 helmet (worn)
 k - a +0 ring mail (worn)
Magical Staves
 y - a staff of air
Jewellery
 f - an amulet of regeneration (around neck)
 h - a ring of see invisible (left hand)
Scrolls
 g - a scroll of fear
 m - 4 scrolls of identify
 o - a scroll of teleportation
 u - a scroll of silence {unknown}
Potions
 b - a potion of haste
 l - a potion of cancellation
 n - 2 potions of curing
 p - 3 potions of lignification
 x - a potion of attraction
 A - a potion of mutation


   Skills:
 - Level 2.1 Fighting
 + Level 10.7 Staves
 - Level 1.7 Throwing
 - Level 2.4 Dodging


You had 7 spell levels left.
You didn't know any spells.
Your spell library contained the following spells:

 Spells                   Type           Power      Damage    Failure   Level
 Portal Projectile        Hex/Tloc       0%         N/A       91%         3
 Tukima's Dance           Hex            0%         N/A       91%         3
 Blade Hands              Tmut           0%         N/A       100%        5


Dungeon Overview and Level Annotations

Branches:
Dungeon (6/15)
 Temple: D:4-7

Altars:
Cheibriados
Dithmenos
Elyvilon
Hepliaklqana
Makhleb
Nemelex Xobeh
Wu Jian
Xom
Zin
The Shining One

Shops:
D:1 *

Annotations:
D:5 3 runed translucent doors, meatpath's ghost, novice GrFi


Innate Abilities, Weirdness & Mutations

You are immune to sickness and miasma.
Your stone body is resilient. (AC +5)
You are immune to poison.
You resist negative energy. (rN+)
You are resistant to electric shocks. (rElec)
You are resistant to unholy torment.
You are immune to petrification.


Message History

Makhleb accepts your kill.
No target in view!
No target in view!
No target in view!
No target in view!
No target in view!
No target in view!
No target in view!
No target in view!
No target in view!
No target in view!
No target in view!
No target in view!
m - 4 scrolls of identify (gained 1)
u - a scroll labelled JONIRGH RAAMYAMEZ No target in view!
Found three altars.
No target in view!
No target in view!
Things that are here:
a +4 battleaxe; a +0 robe
Things that are here:
a +0 great sword; a +0 robe An ogre comes into view.
It is wielding a +0 giant club.
Found 10 gold pieces.
Found a glowing long sword.
Found a stone staircase leading down.
The ogre hits you but does no damage.
You barely miss the ogre. You hit the ogre but do no damage.
The ogre hits you with a +0 giant club.
You barely miss the ogre. You hit the ogre.
The ogre is moderately wounded.
The ogre hits you with a +0 giant club!
You thump the ogre!
The ogre is heavily wounded.
You hit the ogre.
The ogre is heavily wounded.
The ogre hits you with a +0 giant club!!
Ouch! That really hurt!
You die...

##### ....# ....# ###
....# ..# #####O...#
..###########.$.@....#
[..<.......^..#......#
.)).......## #..#.......
..#..#########.##.......
#####.........## >......
#.≈≈≈≈≈≈≈.# ..)....
#≈..≈≈≈..≈# ####...
#≈.≈...≈.≈# ...
#≈.≈._.≈.≈# ..


You could see an ogre.

Vanquished Creatures
  A hornet (D:5)
  Eustachio (D:5)
  Duvessa (D:5)
  2 black bears (D:5)
  An ogre (D:5)
  A centaur (D:5)
  3 wights (D:6)
  Dowan (D:5)
  3 hounds
  2 orc priests (D:4)
  Natasha (D:3)
  An iguana (D:5)
  3 adders
  3 gnolls (D:3)
  2 white imps
  2 ufetubi
  A dart slug (D:4)
  7 orcs
  5 ball pythons
  5 bats
  10 endoplasms
  2 giant cockroaches
  6 hobgoblins
  4 jackals (D:1)
  5 quokkas
  6 frilled lizards
  11 goblins
  6 kobolds
  10 rats
106 creatures vanquished.

Notes
Turn   | Place    | Note
-------+----------+-------------------------------------------
     0 | D:1      | Warped the Gargoyle Gladiator began the quest for the Orb.
     0 | D:1      | Reached XP level 1. HP: 12/12 MP: 1/1
   137 | D:1      | Reached XP level 2. HP: 16/17 MP: 2/2
   164 | D:1      | Found Jaru Ics's Assorted Antiques.
   171 | D:1      | Bought a scroll labelled RASTAY XENOMAE for 23 gold pieces
   683 | D:1      | Reached skill level 4 in Staves
   730 | D:2      | Reached XP level 3. HP: 21/21 MP: 3/3
  1414 | D:3      | Reached XP level 4. HP: 26/26 MP: 4/4
  1479 | D:3      | Reached skill level 5 in Staves
  1723 | D:3      | Reached XP level 5. HP: 30/30 MP: 5/5
  1791 | D:3      | Found a faded altar of an unknown god.
  2127 | D:3      | Noticed Natasha
  2140 | D:3      | Killed Natasha
  2439 | D:4      | Found a burning altar of Makhleb.
  2495 | D:4      | Reached skill level 6 in Staves
  2534 | D:4      | Became a worshipper of Makhleb the Destroyer
  2962 | D:4      | Reached XP level 6. HP: 35/35 MP: 6/6
  3073 | D:4      | Found a hazy altar of Hepliaklqana.
  3284 | D:5      | Entered Level 5 of the Dungeon
  3322 | D:5      | Found a shadowy altar of Dithmenos.
  3326 | D:5      | Noticed a black bear
  3336 | D:5      | Killed a black bear
  3337 | D:5      | Reached skill level 7 in Staves
  3373 | D:5      | Found a runed translucent gate.
  3373 | D:5      | Found a runed translucent gate.
  3382 | D:5      | Noticed Eustachio
  3394 | D:5      | Killed Eustachio
  3395 | D:5      | Reached skill level 8 in Staves
  3395 | D:5      | Reached XP level 7. HP: 33/40 MP: 7/7
  3426 | D:5      | Found an ornate altar of the Wu Jian Council.
  3533 | D:5      | Noticed Dowan
  3533 | D:5      | Noticed Duvessa
  3554 | D:5      | Killed Duvessa
  3610 | D:5      | Found a shimmering altar of Xom.
  3687 | D:5      | Killed Dowan
  3688 | D:5      | Reached skill level 9 in Staves
  3804 | D:5      | Reached * piety under Makhleb
  3849 | D:5      | Reached XP level 8. HP: 38/44 MP: 8/8
  3889 | D:5      | Found a sparkling altar of Nemelex Xobeh.
  3889 | D:5      | Found a transporter.
  3889 | D:5      | Noticed a hornet
  3917 | D:5      | HP: 1/44 [hornet (11)]
  3927 | D:5      | Killed a hornet
  3928 | D:5      | Reached skill level 10 in Staves
  4018 | D:5      | Found a runed translucent gate.
  4021 | D:5      | Noticed meatpath's ghost (novice GrFi)
  4229 | D:6      | Found a snail-covered altar of Cheibriados.
  4323 | D:6      | Found a white marble altar of Elyvilon.
  4323 | D:6      | Found a glowing golden altar of the Shining One.
  4323 | D:6      | Found a glowing silver altar of Zin.
  4362 | D:6      | Slain by an ogre

Illustrated notes

Levels and vault maps discovered:
D:1:      dpeg_arrival_shelter, layout_basic, serial_shops, shop_fountains
D:2:      layout_loops_cross
D:3:      layout_basic, ebering_ecumenical_altar_sacrificial, st_stairs_10,
          wander_ebering_terrifying_dragon_lair, uniq_natasha
D:4:      layout_loops_corners, kennysheep_mini, nzn_hepliaklqana_mist_gate
D:5:      layout_loops_cross, mainiacjoe_overflow_chevrons, tgw_xom,
          grunt_nemelex_the_gamble, grunt_dithmenos_smoke_and_mirrors,
          gammafunk_ghost_necromancy, uniq_eustachio, uniq_duvessa
D:6:      layout_rooms, dreamdust_divine_triumvirate, grunt_qazlal_clouds,
          mainiacjoe_overflow_paths

Skill      XL: |  1  2  3  4  5  6  7  8 |
---------------+-------------------------+-----
Staves         | 4 5 6 8 9 10 | 10.7
Fighting       | |  2.1
Throwing       | |  1.7
Dodging        | |  2.4

Action                     |  1- 3 |  4- 6 |  7- 9 || total
---------------------------+-------+-------+-------++-------
  Melee: Quarterstaff      |   106 |   165 |   119 ||   390
  Throw: Throwing net      |     1 |       |       ||     1
    Use: Scroll            |     1 |       |    14 ||    15
         Potion            |       |       |     5 ||     5
 Armour: Leather armour    |    43 |       |       ||    43
         Ring mail         |     8 |    90 |    73 ||   171
  Dodge: Dodged            |    77 |   123 |    84 ||   284
